BLB
NEW YORK CYCLONES @ DENVER BULLS
05/08/2060
 
TOP OF THE 1ST
New York Cyclones batting - Pitching for Denver Bulls : RHP Levi Brown
Pitching: RHP Levi Brown
Batting: LHB Tariq Alston 0-0: Called Strike
0-1: Ball
1-1: Swinging Strike
1-2: Foul Ball, location: 2F
1-2: Strikes out swinging
Batting: RHB Fred Etheridge 0-0: Called Strike
0-1: Swinging Strike
0-2: Strikes out swinging
Batting: LHB Jim Mjima 0-0: Called Strike
0-1: Ball
1-1: Foul Ball, location: 2F
1-2: Ball
2-2: Strikes out swinging
Top of the 1st over - 0 runs, 0 hits, 0 errors, 0 left on base; New York 0 - Denver 0
BOTTOM OF THE 1ST
Denver Bulls batting - Pitching for New York Cyclones : RHP Cedric Erickson
Pitching: RHP Cedric Erickson
Batting: LHB Johnathan Wang 0-0: Called Strike
0-1: Foul Ball, location: 2F
0-2: Ball
1-2: Strikes out swinging
Batting: SHB T.J. Carter 0-0: Ball
1-0: Swinging Strike
1-1: Foul Ball, location: 2F
1-2: Strikes out swinging
Batting: RHB Chasson Egan 0-0: Called Strike
0-1: Ball
1-1: Ball
2-1: Foul Ball, location: 2F
2-2: Ground out 5-3 (Groundball, 56, EV 76.9 MPH)
Bottom of the 1st over - 0 runs, 0 hits, 0 errors, 0 left on base; New York 0 - Denver 0
TOP OF THE 2ND
New York Cyclones batting - Pitching for Denver Bulls : RHP Levi Brown
Batting: RHB Jarrett Evans 0-0: Ball
1-0: Ball
2-0: Fly out, F4 (Flyball, 4D, EV 84.4 MPH)
Batting: LHB Jared Rosewall 0-0: Ground out 4-3 (Groundball, 4, EV 80.6 MPH)
Batting: RHB Alexander Charter 0-0: Called Strike
0-1: Ball
1-1: Foul Ball, location: 2F
1-2: Ground out 4-3 (Groundball, 4, EV 92.5 MPH)
Top of the 2nd over - 0 runs, 0 hits, 0 errors, 0 left on base; New York 0 - Denver 0
BOTTOM OF THE 2ND
Denver Bulls batting - Pitching for New York Cyclones : RHP Cedric Erickson
Batting: LHB Michael Hughes 0-0: Called Strike
0-1: Ball
1-1: Called Strike
1-2: Fly out, F7 (Flyball, 7S, EV 85.0 MPH)
Batting: RHB Kyle Bruns 0-0: Swinging Strike
0-1: Foul Ball, location: 2F
0-2: Strikes out swinging
Batting: LHB Vince Ridgway 0-0: DOUBLE (Line Drive, 8LXD, EV 104.4 MPH)
Batting: RHB Odell Mapute 0-0: Called Strike
0-1: SINGLE (Groundball, 5L, EV 99.4 MPH)
Vince Ridgway to third
Batting: LHB Ollie Snelgrove 0-0: Ball
1-0: Foul Ball, location: 2F
1-1: Ball
2-1: Foul Ball, location: 2F
2-2: Ball
3-2: Foul Ball, location: 2F
3-2: Strikes out swinging
Bottom of the 2nd over - 0 runs, 2 hits, 0 errors, 2 left on base; New York 0 - Denver 0
TOP OF THE 3RD
New York Cyclones batting - Pitching for Denver Bulls : RHP Levi Brown
Batting: LHB Elmer Nelson 0-0: Foul Ball, location: 2F
0-1: Called Strike
0-2: Foul Ball, location: 2F
0-2: Strikes out swinging
Batting: RHB Nathaniel Vogel 0-0: Swinging Strike
0-1: Swinging Strike
0-2: Strikes out swinging
Batting: RHB Kaniel Martinez 0-0: Ball
1-0: Ball
2-0: Ball
3-0: Called Strike
3-1: Called Strike
3-2: Ground out 5-3 (Groundball, 5, EV 85.6 MPH)
Top of the 3rd over - 0 runs, 0 hits, 0 errors, 0 left on base; New York 0 - Denver 0
BOTTOM OF THE 3RD
Denver Bulls batting - Pitching for New York Cyclones : RHP Cedric Erickson
Batting: RHB Liam Gill 0-0: Ball
1-0: Called Strike
1-1: Ball
2-1: Ground out 6-3 (Groundball, P, EV 94.4 MPH)
Batting: LHB Johnathan Wang 0-0: DOUBLE (Line Drive, 78XD, EV 105.0 MPH)
Batting: SHB T.J. Carter 0-0: Ball
1-0: Foul Ball, location: 2F
1-1: Foul Ball, location: 2F
1-2: Ball
2-2: SINGLE (Groundball, 4MS, EV 71.2 MPH) (infield hit)
Johnathan Wang to third
Batting: RHB Chasson Egan 0-0: Grounds into double play, 3-6-3 (Groundball, 3, EV 99.4 MPH)
Bottom of the 3rd over - 0 runs, 2 hits, 0 errors, 1 left on base; New York 0 - Denver 0
TOP OF THE 4TH
New York Cyclones batting - Pitching for Denver Bulls : RHP Levi Brown
Batting: LHB Tariq Alston 0-0: Swinging Strike
0-1: Ball
1-1: Ball
2-1: Swinging Strike
2-2: Foul Ball, location: 2F
2-2: Strikes out looking
Batting: RHB Fred Etheridge 0-0: Ball
1-0: Foul Ball, location: 2F
1-1: Foul Ball, location: 2F
1-2: Ground out 6-3 (Groundball, 6, EV 83.8 MPH)
Batting: LHB Jim Mjima 0-0: Swinging Strike
0-1: Ball
1-1: SINGLE (Line Drive, 89S, EV 108.8 MPH)
Batting: RHB Jarrett Evans 0-0: Called Strike
0-1: Ball
1-1: Foul Ball, location: 2F
1-2: Ball
2-2: Strikes out looking
Top of the 4th over - 0 runs, 1 hit, 0 errors, 1 left on base; New York 0 - Denver 0
BOTTOM OF THE 4TH
Denver Bulls batting - Pitching for New York Cyclones : RHP Cedric Erickson
Batting: LHB Michael Hughes 0-0: Ball
1-0: Fly out, F7 (Flyball, 7, EV 96.2 MPH)
Batting: RHB Kyle Bruns 0-0: Called Strike
0-1: Fly out, F4 (Popup, 23, EV 85.6 MPH)
Batting: LHB Vince Ridgway 0-0: Ball
1-0: Foul Ball, location: 2F
1-1: Swinging Strike
1-2: Strikes out swinging
Bottom of the 4th over - 0 runs, 0 hits, 0 errors, 0 left on base; New York 0 - Denver 0
TOP OF THE 5TH
New York Cyclones batting - Pitching for Denver Bulls : RHP Levi Brown
Batting: LHB Jared Rosewall 0-0: Called Strike
0-1: Called Strike
0-2: Ball
1-2: Ball
2-2: Ball
3-2: Foul Ball, location: 2F
3-2: Base on Balls
Batting: RHB Alexander Charter 0-0: Called Strike
0-1: Ball
1-1: Foul Ball, location: 2F
1-2: 2-RUN HOME RUN (Flyball, 7D, EV 106.9 MPH), Distance : 404 ft
Batting: LHB Elmer Nelson 0-0: Called Strike
0-1: Called Strike
0-2: Ball
1-2: Ball
2-2: Fly out, F8 (Flyball, 8LD, EV 98.8 MPH)
Batting: RHB Nathaniel Vogel 0-0: Ball
1-0: Swinging Strike
1-1: DOUBLE (Line Drive, 89D, EV 103.8 MPH)
Batting: RHB Kaniel Martinez 0-0: Called Strike
0-1: SINGLE (Line Drive, 89S, EV 105.0 MPH)
Nathaniel Vogel to third
Batting: LHB Tariq Alston 0-0: Ball
1-0: Ball
2-0: Ball
3-0: Called Strike
3-1: Fly out, F9 (Line Drive, 9LM, EV 98.8 MPH)
Batting: RHB Fred Etheridge 0-0: Called Strike
0-1: Ball
1-1: Foul Ball, location: 2F
1-2: Foul Ball, location: 2F
1-2: 3-RUN HOME RUN (Flyball, 7D, EV 100.0 MPH), Distance : 371 ft
Batting: LHB Jim Mjima 0-0: Called Strike
0-1: Ball
1-1: Called Strike
1-2: Hit by Pitch
Batting: RHB Jarrett Evans 0-0: Called Strike
0-1: Ball
1-1: Ball
2-1: Swinging Strike
2-2: Foul Ball, location: 2F
2-2: Foul Ball, location: 2F
2-2: Foul Ball, location: 2F
2-2: Foul Ball, location: 2F
2-2: Fly out, F7 (Flyball, 7LM, EV 83.1 MPH)
Top of the 5th over - 5 runs, 4 hits, 0 errors, 1 left on base; New York 5 - Denver 0
BOTTOM OF THE 5TH
Denver Bulls batting - Pitching for New York Cyclones : RHP Cedric Erickson
Batting: RHB Odell Mapute 0-0: Called Strike
0-1: Ball
1-1: Ball
2-1: Ball
3-1: Swinging Strike
3-2: Foul Ball, location: 2F
3-2: Strikes out swinging
Batting: LHB Ollie Snelgrove 0-0: Swinging Strike
0-1: Ball
1-1: Ball
2-1: Ball
3-1: Called Strike
3-2: Foul Ball, location: 2F
3-2: Foul Ball, location: 2F
3-2: Foul Ball, location: 2F
3-2: Ground out 3-1 (Groundball, 13, EV 77.5 MPH)
Batting: RHB Liam Gill 0-0: Ball
1-0: Called Strike
1-1: Ball
2-1: Fly out, F8 (Flyball, 8RD, EV 98.1 MPH)
Bottom of the 5th over - 0 runs, 0 hits, 0 errors, 0 left on base; New York 5 - Denver 0
TOP OF THE 6TH
New York Cyclones batting - Pitching for Denver Bulls : RHP Levi Brown
Batting: LHB Jared Rosewall 0-0: Ball
1-0: Ball
2-0: Foul Ball, location: 2F
2-1: Foul Ball, location: 2F
2-2: Strikes out swinging
Batting: RHB Alexander Charter 0-0: DOUBLE (Flyball, 8LXD, EV 102.5 MPH)
Batting: LHB Elmer Nelson 0-0: Called Strike
0-1: Foul Ball, location: 2F
0-2: Ball
1-2: Hit by Pitch
Pitching: LHP Chandler Magnuson
Batting: RHB Nathaniel Vogel 0-0: Ball
1-0: Called Strike
1-1: SINGLE (Groundball, 15S, EV 71.9 MPH) (infield hit)
Alexander Charter to third
Elmer Nelson to second
Batting: RHB Kaniel Martinez 0-0: SINGLE (Line Drive, 78S, EV 106.9 MPH)
Alexander Charter scores
Elmer Nelson to third
Nathaniel Vogel to second
Batting: LHB Tariq Alston 0-0: Ball
1-0: Ball
2-0: Called Strike
2-1: Foul Ball, location: 2F
2-2: Foul Ball, location: 2F
2-2: Ball
3-2: Fly out, F9 (Flyball, 89XD, EV 101.9 MPH)
Runner from 3rd tags up, SCORES, no throw by RF
Batting: RHB Fred Etheridge 0-0: Called Strike
0-1: Ball
1-1: Foul Ball, location: 2F
1-2: Foul Ball, location: 2F
1-2: Foul Ball, location: 2F
1-2: Ball
2-2: Ball
3-2: Fly out, F7 (Flyball, 7, EV 95.6 MPH)
Top of the 6th over - 2 runs, 3 hits, 0 errors, 2 left on base; New York 7 - Denver 0
BOTTOM OF THE 6TH
Denver Bulls batting - Pitching for New York Cyclones : RHP Cedric Erickson
Batting: LHB Johnathan Wang 0-0: Called Strike
0-1: Ball
1-1: SINGLE (Groundball, 4D, EV 94.4 MPH)
Batting: SHB T.J. Carter 0-0: Fly out, F8 (Flyball, 8LXD, EV 98.8 MPH)
Batting: RHB Chasson Egan 0-0: Called Strike
0-1: Swinging Strike
0-2: Foul Ball, location: 2F
0-2: Strikes out swinging
Batting: LHB Michael Hughes 0-0: Foul Ball, location: 2F
0-1: Fielders Choice at 2nd, 6-4 (Groundball, 6, EV 80.0 MPH)
Bottom of the 6th over - 0 runs, 1 hit, 0 errors, 1 left on base; New York 7 - Denver 0
TOP OF THE 7TH
New York Cyclones batting - Pitching for Denver Bulls : LHP Chandler Magnuson
Batting: RHB Jerry Critchfield 0-0: Ball
1-0: Swinging Strike
1-1: Ball
2-1: Foul Ball, location: 2F
2-2: Ball
3-2: DOUBLE (Line Drive, 89M, EV 105.0 MPH)
Batting: RHB Jarrett Evans 0-0: Foul Ball, location: 2F
0-1: Ball
1-1: Foul Ball, location: 2F
1-2: SINGLE (Groundball, 5S, EV 70.6 MPH) (infield hit)
Jerry Critchfield to third
Batting: LHB Jared Rosewall 0-0: Fly out, F8 (Flyball, 8LD, EV 95.6 MPH)
Runner from 3rd tags up, SCORES, throw by CF
Batting: RHB Alexander Charter 0-0: Ball
1-0: Called Strike
Jarrett Evans steals 2nd base
1-1: Ball
2-1: Swinging Strike
2-2: Strikes out looking
Batting: LHB Elmer Nelson 0-0: Foul Ball, location: 2F
0-1: Foul Ball, location: 2F
0-2: Ground out 6-3 (Groundball, 6, EV 95.6 MPH)
Top of the 7th over - 1 run, 2 hits, 0 errors, 1 left on base; New York 8 - Denver 0
BOTTOM OF THE 7TH
Denver Bulls batting - Pitching for New York Cyclones : RHP Cedric Erickson
Batting: RHB Kyle Bruns 0-0: Ball
1-0: Foul Ball, location: 2F
1-1: Foul Ball, location: 2F
1-2: SINGLE (Groundball, 6MD, EV 108.1 MPH)
Batting: LHB Vince Ridgway 0-0: Fly out, F8 (Flyball, 8LXD, EV 88.8 MPH)
Batting: RHB Odell Mapute 0-0: Foul Ball, location: 2F
0-1: Fly out, F9 (Line Drive, 9D, EV 88.8 MPH)
Batting: LHB Ollie Snelgrove 0-0: Ball
1-0: Fly out, F7 (Line Drive, 7, EV 93.1 MPH)
Bottom of the 7th over - 0 runs, 1 hit, 0 errors, 1 left on base; New York 8 - Denver 0
TOP OF THE 8TH
New York Cyclones batting - Pitching for Denver Bulls : LHP Chandler Magnuson
Batting: RHB Nathaniel Vogel 0-0: Ball
1-0: Called Strike
1-1: Ball
2-1: Foul Ball, location: 2F
2-2: Strikes out swinging
Batting: RHB Kaniel Martinez 0-0: Ball
1-0: Foul Ball, location: 2F
1-1: Swinging Strike
1-2: Foul Ball, location: 2F
1-2: Foul Ball, location: 2F
1-2: Strikes out looking
Batting: LHB Tariq Alston 0-0: Called Strike
0-1: Ball
1-1: Ground out 3-1 (Groundball, 13, EV 87.5 MPH)
Top of the 8th over - 0 runs, 0 hits, 0 errors, 0 left on base; New York 8 - Denver 0
BOTTOM OF THE 8TH
Denver Bulls batting - Pitching for New York Cyclones : RHP Cedric Erickson
Batting: RHB Liam Gill 0-0: SINGLE (Groundball, 25, EV 68.1 MPH) (infield hit)
Batting: LHB Johnathan Wang 0-0: Called Strike
0-1: Foul Ball, location: 2F
0-2: Ball
1-2: Ball
2-2: Ball
3-2: SINGLE (Line Drive, 9S, EV 101.2 MPH)
Liam Gill to second
Batting: SHB T.J. Carter 0-0: Swinging Strike
0-1: Called Strike
0-2: Strikes out swinging
Batting: RHB Chasson Egan 0-0: Ball
1-0: Called Strike
1-1: Ball
2-1: Ball
3-1: Called Strike
3-2: Base on Balls
Liam Gill to third
Johnathan Wang to second
Batting: LHB Michael Hughes 0-0: Fly out, F7 (Flyball, 7D, EV 90.0 MPH)
Runner from 3rd tags up, SCORES, throw by LF
Batting: RHB Kyle Bruns 0-0: Ball
1-0: Called Strike
1-1: Called Strike
1-2: Strikes out looking
Bottom of the 8th over - 1 run, 2 hits, 0 errors, 2 left on base; New York 8 - Denver 1
TOP OF THE 9TH
New York Cyclones batting - Pitching for Denver Bulls : LHP Chandler Magnuson
Batting: RHB Fred Etheridge 0-0: Called Strike
0-1: Foul Ball, location: 2F
0-2: Ball
1-2: Fly out, F7 (Flyball, 7S, EV 91.9 MPH)
Batting: RHB Jerry Critchfield 0-0: Called Strike
0-1: Called Strike
0-2: Ball
1-2: Ball
2-2: Ball
3-2: Foul Ball, location: 2F
3-2: Fly out, F8 (Line Drive, 89M, EV 101.9 MPH)
Batting: RHB Jarrett Evans 0-0: Ball
1-0: Ball
2-0: Called Strike
2-1: Ball
3-1: Foul Ball, location: 2F
3-2: Strikes out looking
Top of the 9th over - 0 runs, 0 hits, 0 errors, 0 left on base; New York 8 - Denver 1
BOTTOM OF THE 9TH
Denver Bulls batting - Pitching for New York Cyclones : RHP Cedric Erickson
Batting: LHB Vince Ridgway 0-0: Ball
1-0: Foul Ball, location: 2F
1-1: Ball
2-1: Foul Ball, location: 2F
2-2: Foul Ball, location: 2F
2-2: Strikes out looking
Pitching: RHP Braden Allen
Batting: RHB Odell Mapute 0-0: Called Strike
0-1: Ball
1-1: Foul Ball, location: 2F
1-2: Ball
2-2: Ball
3-2: Ground out 4-3 (Groundball, 4S, EV 72.5 MPH)
Batting: LHB Ollie Snelgrove 0-0: Called Strike
0-1: Ball
1-1: Swinging Strike
1-2: Ball
2-2: SINGLE (Groundball, 6MD, EV 111.9 MPH)
Batting: RHB Liam Gill 0-0: Called Strike
0-1: Swinging Strike
0-2: Ball
1-2: Ground out U3 (Groundball, 23, EV 80.0 MPH)
Bottom of the 9th over - 0 runs, 1 hit, 0 errors, 1 left on base; New York 8 - Denver 1
Saturday, April 27th , 2024 - OOTP Baseball 23.10 Build 110